 Dungeon Crawl Stone Soup version 0.20.1-1-g8b1a95d (webtiles) character file.

108 Monsterracer the Slasher (level 4, -5/37 HPs)
             Began as a Barachi Skald on Aug 12, 2017.
             Slain by an orc warrior
             ... wielding a +0 flail
              (16 damage)
             ... on level 2 of the Dungeon.
             The game lasted 00:05:23 (2348 turns).

Monsterracer the Slasher (Barachi Skald)            Turns: 2348, Time: 00:05:23

Health: -5/37      AC: 11    Str: 12    XL:     4   Next: 87%
Magic:  7/7        EV: 11    Int: 13    God:
Gold:   102        SH:  0    Dex: 16    Spells: 6/7 levels left

rFire    . . .     SeeInvis .   a - +0 falchion
rCold    . . .     Gourm    .   (no shield)
rNeg     . . .     Faith    .   g - +3 chain mail
rPois    +         Spirit   .   (no helmet)
rElec    .         Reflect  .   (no cloak)
rCorr    .         Harm     .   (no gloves)
MR       .....                  (no boots)
Stlth    ..........             (no amulet)
Regen    0.2/turn               (no ring)
MPRegen  0.1/turn               (no ring)

@: agile, lethally poisoned (-5 -> -12), can't hop, drained, slow
A: +LOS, swims, poison resistance, slowness 1, weak 1, strong legs 1
a: Hop


You were on level 2 of the Dungeon.
You were not hungry.

You visited 1 branch of the dungeon, and saw 3 of its levels.

You collected 102 gold pieces.

Inventory:

Hand Weapons
 a - a +0 falchion (weapon)
Missiles
 m - 7 javelins (quivered)
Armour
 g - a +3 chain mail (worn)
Scrolls
 h - 2 scrolls of identify {unknown}
 i - 3 scrolls of teleportation {unknown}
 j - a scroll of fear {unknown}
 l - a scroll of fog {unknown}
 n - a scroll of recharging {unknown}
 p - a scroll of enchant weapon {unknown}
 r - a scroll of random uselessness {unknown}
 s - a scroll of enchant armour {unknown}
Books
 c - a book of Battle

   Spells                             Type                      Level
   a - Infusion                       Charms                       1
   b - Shroud of Golubria             Charms/Translocation         2
   c - Song of Slaying                Charms                       2
   d - Spectral Weapon                Hexes/Charms                 3
   e - Regeneration                   Charms/Necromancy            3
Comestibles
 d - 2 bread rations
 f - a meat ration
 k - 2 royal jellies
 t - 2 chunks of flesh


   Skills:
 * Level 3.9(3.4) Fighting
 * Level 4.2(3.8) Long Blades
 + Level 2.2(1.8) Armour
 + Level 2.6(2.2) Dodging
 - Level 2.1(1.7) Spellcasting
 - Level 3.2(2.8) Charms


You had 6 spell levels left.
You knew the following spells:

 Your Spells              Type           Power        Failure   Level  Hunger
a - Infusion              Chrm           #...         98%         1    ##.....


Dungeon Overview and Level Annotations

Branches:
Dungeon (3/15)

Altars:
Hepliaklqana
Zin
The Shining One


Innate Abilities, Weirdness & Mutations

Shadows flee at your approach. (+LOS)
You can swim through water.
You cover ground slowly.
You can hop short distances.
Your system is resistant to poisons. (rPois)
You are weak. (Str -2)


Message History

* * * LOW HITPOINT WARNING * * *
Something barely misses you. The orc hits you but does no damage.
Found a bread ration.
There is a stone staircase leading up, spattered with blood here.
Things that are here:
a club; a goblin corpse; Huge Dmg: -19%(-7hp) hp: 38%(14hp)
You feel sick.
The orc looks more healthy.
The orc warrior closely misses you.
You riposte.
You hit the orc warrior but do no damage.
The orc warrior is lightly wounded.
Something hits you but does no damage.
You feel drained. The orc hits you but does no damage.
You climb upwards.
You feel sick.
There is a stone staircase leading down here.
Damage: -5%(-2hp) hp: 33%(12hp)
You miss something. Something hits you but does no damage.
You feel drained.
The orc warrior hits you but does no damage.
The orc barely misses you.
You feel sick. The orc warrior hits you with a flail!
You die...

#.# #.# #.###.. ##### #.# #.#
#...... ....# #.# #.# #####..
###.# #.# #.# #######.. #.#
#.#### #.# #........ #.#
#....# #.# #.####...
#.############.###.# #.# #...
# #.##[.......#>o...<####.#
#.#.
###....######<.o@.........#
#.#. .####### ###..##########
#.## .# #..# #... .##### #..#
###. .....# #..# #.
.###.##########..########
#####. .#
#..........>.........## #.....
.#
###########...#####.#.###.###.
.# #.#......###....# #.


You could see an orc warrior and an orc.

Vanquished Creatures
  4 adders (D:2)
  An ooze (D:1)
  2 dart slugs (D:1)
  3 leopard geckos
  An orc (D:3)
  4 giant cockroaches
  11 goblins
  5 hobgoblins
  A ball python (D:1)
  10 bats
  5 frilled lizards
  3 kobolds
  11 rats
61 creatures vanquished.

Notes
Turn   | Place    | Note
-------+----------+-------------------------------------------
     0 | D:1      | Monsterracer the Barachi Skald began the quest for the Orb.
     0 | D:1      | Reached XP level 1. HP: 17/17 MP: 3/3
   127 | D:1      | Reached XP level 2. HP: 18/23 MP: 5/5
   473 | D:1      | Reached skill level 3 in Long Blades
   479 | D:1      | Reached XP level 3. HP: 20/29 MP: 6/6
  1066 | D:2      | Found a hazy altar of Hepliaklqana.
  1148 | D:2      | Reached XP level 4. HP: 32/35 MP: 7/7
  1250 | D:2      | HP: 17/35 [poisoned by an adder]
  1255 | D:2      | HP: 12/37 [poisoned by an adder]
  1260 | D:2      | HP: 9/37 [poisoned by an adder]
  1266 | D:2      | HP: 7/37 [poisoned by an adder]
  1272 | D:2      | HP: 5/37 [poisoned by an adder]
  1280 | D:2      | HP: 4/37 [poisoned by an adder]
  1611 | D:2      | Found a glowing golden altar of the Shining One.
  1734 | D:2      | Reached skill level 4 in Long Blades
  1924 | D:2      | Found a glowing silver altar of Zin.
  1925 | D:2      | Noticed an angel
  2328 | D:3      | Noticed an orc warrior
  2336 | D:3      | Gained mutation: You are weak. (Str -2) [potion of mutation]
  2336 | D:3      | Gained mutation: Your system is resistant to poisons. (rPois) [potion of mutation]
  2344 | D:3      | HP: 14/37 [orc warrior/flail (6)]
  2348 | D:2      | Slain by an orc warrior

Skill      XL: |  1  2  3  4 |
---------------+-------------+-----
Fighting       | 3 |  3.9
Long Blades    | 3 4 |  4.2
Armour         | 2 |  2.2
Dodging        | |  2.6
Spellcasting   | |  2.1
Charms         | |  3.2

Action                   |  1- 3 |  4- 6 || total
-------------------------+-------+-------++-------
Melee: Falchion          |   144 |    88 ||   232
 Abil: Hop               |       |     1 ||     1
  Use: Potion            |       |     4 ||     4
  Eat: Chunk             |     1 |     5 ||     6
Armor: Leather armour    |     3 |       ||     3
       Chain mail        |   119 |    67 ||   186
Dodge: Dodged            |    63 |    48 ||   111
       Rpst.: Falchion   |    17 |    16 ||    33
